ada, lawful female dwarven Valkyrie ----------------------- |.....|.....|.........| .. .| .. |.---.|...|.|.-----.-------.- -.-- |.--- |...|.|...|.|.|.....|.......| |... |...| |--.|.|--.|.|.|.-----.-...|.| |^--- |--.| |...|.|.|.|...|..%........|.. |...| |...| |.-.|.|.|.|--.-----...%...--- ----------- ---.--- |.--| |...|...|.|.....|.......%.... |....i....| |...| |.|...| |--.|.-.|.|.....|.-----.%.... |.........| |.---- |.|?|.| |...|...|.|..{..|.....|..... |.@..<....| |..... |...|.| |.------|.|.....|.|*|.|...- |?..[...M.| ---.----|.---.| |.[.....|.|.....|.|.|...... |......+..| |.....|.....| -------.|.|--.----|.---...- ----------- ----...---.---.--- |..|...|.|.....|...|...| ...........| |...| |..|.--|.|.---.|.-.|--- ------...---- ---.| |..|...|...|...|...| ...*.....| .| |..---.---.|.---*--- ...{.-------.| |....[.....|.....| .............| ------------------ -------------- ada the Fighter Experience level: 7 Strength: 17 Dexterity: 14 Constitution: 18 Intelligence: 8 Wisdom: 11 Charisma: 8 Health: 0(73) Energy: 13(13) Def: 13 Gold: 0 Moves: 6368 Dungeon seed: p9WN5OfWSjnEbaxE Game ID: ada_1479071255 Your Inventory: Weapons a - the blessed rustproof +1 Excalibur (weapon in hand) b - a +0 dagger (in quiver) D - a +0 halberd Armor e - an uncursed +4 small shield (being worn) r - a blessed +1 pair of leather gloves (being worn) y - a blessed +0 dwarvish mithril-coat (being worn) Comestibles g - 2 uncursed fortune cookies O - 2 uncursed food rations P - 2 uncursed candy bars Scrolls s - an uncursed scroll of confuse monster t - an uncursed scroll of identify I - an uncursed scroll of light W - an uncursed scroll of blank paper Z - an uncursed scroll of food detection Spellbooks B - an uncursed spellbook of extra healing C - an uncursed spellbook of identify V - an uncursed spellbook of slow monster Y - an uncursed spellbook of force bolt Potions v - an uncursed potion of paralysis x - a cursed potion of sleeping E - an uncursed potion of invisibility J - an uncursed potion of gain energy R - an uncursed potion of object detection U - an uncursed potion of speed Rings w - an uncursed ring of cold resistance Wands p - a wand of teleportation (0:5) Tools l - an uncursed skeleton key H - a magic marker (0:35) K - a +0 pick-axe M - an uncursed magic lamp (lit) Q - an uncursed bag of holding Gems n - 3 uncursed worthless pieces of violet glass q - an uncursed ruby Contents of the bag of holding: 283 gold pieces a wand of striking (0:8) Spells and supernatural/magical abilities: Name Level Category Fail Memory a - force bolt 1 attack 100% 100% s - slow monster 2 enchantment 100% 100% x - extra healing 3 healing 100% 100% I - identify 3 divination 100% 100% W - pray for help -- divine ? -- Your skills at the end: Fighting Skills Weapon Skills dagger [Basic] long sword [Skilled] Spellcasting Skills Final Attributes: You were piously aligned. You were cold resistant. You were poison resistant. You were level-drain resistant. You had automatic searching. You had infravision. You were stealthy. You could teleport. You were fast. You were lucky. You are dead. Vanquished creatures: a vampire an ettin mummy a freezing sphere a flaming sphere 3 giant spiders 2 orc mummies a housecat a gnome mummy a mountain nymph 2 rock piercers 2 ponies a yellow light a gnome lord 2 elf zombies a straw golem a little dog a floating eye a kitten a dwarf a kobold shaman 4 hill orcs 5 rothes a giant bat 2 orc zombies 2 werejackals 3 iguanas 9 killer bees 2 acid blobs a coyote a gas spore 2 hobbits 2 manes a large kobold a hobgoblin 3 giant rats 2 cave spiders 3 brown molds a yellow mold a red mold 7 gnomes 2 garter snakes 4 gnome zombies 3 geckos 15 jackals 3 kobolds 3 goblins 2 sewer rats 9 grid bugs 4 bats 3 lichens a kobold zombie 7 newts 135 creatures vanquished. Voluntary challenges: You had been an atheist until turn 3559. You used a wielded weapon 144 times, starting on turn 2. You read items or engraved 143 times, starting on turn 3430. You never genocided any monsters. You never polymorphed an object. You never changed form. You used no wishes. You never split a pudding. You wrote Elbereth's name 86 times, starting on turn 3540. You violated your moral code, losing 32 points of alignment, starting on turn 3314. Dungeon overview: The Dungeons of Doom: levels 1 to 6 Level 1 an altar to Loki, a fountain a long staircase Level 2 stairs to The Gnomish Mines Level 3 a sink Level 4 an altar to Odin Level 5 Level 6 a fountain The Gnomish Mines: levels 3 to 10 Level 3 stairs to The Dungeons of Doom Level 4 Level 5 Level 6 many shops, a temple to Loki, some fountains Level 7 Level 8 Level 9 Level 10 <- You were here some fountains History has recorded: On T:1 you entered the Dungeons of Doom to retrieve the Amulet of Yendor! On T:317 you reached level 2 of The Dungeons of Doom. On T:387 you advanced to experience level 2. On T:819 you reached level 3 of The Dungeons of Doom. On T:1102 you advanced to experience level 3. On T:1145 you reached level 4 of The Dungeons of Doom. On T:1494 you reached level 5 of The Dungeons of Doom. On T:1851 you advanced to experience level 4. On T:2504 you reached level 6 of The Dungeons of Doom. On T:3012 you advanced to experience level 5. On T:3896 you reached level 1 of The Gnomish Mines. On T:4305 you reached level 2 of The Gnomish Mines. On T:4606 you reached level 3 of The Gnomish Mines. On T:4866 you advanced to experience level 6. On T:4979 you reached level 4 of The Gnomish Mines. On T:5442 you reached level 5 of The Gnomish Mines. On T:5608 you reached level 6 of The Gnomish Mines. On T:5874 you reached level 7 of The Gnomish Mines. On T:5881 you advanced to experience level 7. On T:6024 you reached level 8 of The Gnomish Mines. Score breakdown: Gold: 283 ( 8345 points) Experience: 7 levels (13645 points) Exploration: 10 levels ( 20.00%) (12857 points) Discoveries: 14 items ( 5.71%) ( 7171 points) Valuables value: (no points given unless you survive) Artifact value: 4000 (12253 points) Variety of kills: 52 monsters ( 13.65%) (11083 points) Turncount: 6368 turns (-1711 points) Survival: died (score multiplied by 80%) Total score: 50914 Latest messages: The jar crashes on your head and breaks into shards. You feel rather tired. It hits! (4x) You wake up. You hit the Green-elf! The Green-elf thrusts his elven short sword. The Green-elf hits! This tastes like water. The Green-elf thrusts his elven short sword. The Green-elf hits! You begin praying to Tyr. You are surrounded by a shimmering light. The Green-elf starts to attack you, but pulls back. (3x) You feel that Tyr is well-pleased. The Green-elf thrusts his elven short sword. The Green-elf hits! You write in the dust with your fingers. You see here 3 rocks. A trap door in the ceiling opens and a rock falls on your head! You die... Final status: Farvel ada the Valkyrie, killed by a falling rock... You died in The Gnomish Mines on dungeon level 10 with 50914 points, and 283 pieces of gold, after 6368 moves. You were level 7 with a maximum of 73 hit points when you died.